 Dungeon Crawl Stone Soup version 0.29.1-2-gbd0b4ee654 (webtiles) character file.

Game seed: 13196782192680546898

1600 qeuew the Slasher (level 8, -6/58 (61) HPs)
             Began as a Demonspawn Abyssal Knight on Nov 3, 2022.
             Was an Elder of Lugonu.
             Mangled by an orc warrior
             ... wielding a +2 battleaxe of flaming
              (10 damage)
             ... on level 6 of the Dungeon.
             The game lasted 00:10:14 (7787 turns).

qeuew the Slasher (Demonspawn Abyssal Knight)       Turns: 7787, Time: 00:10:19

HP:   -6/58 (61)    AC:  7    Str: 19    XL:     8   Next: 62%
MP:   10/10         EV: 12    Int: 12    God:    Lugonu [****..]
Gold: 274           SH:  0    Dex: 16    Spells: 7/7 levels left

rFire   . . .      SeeInvis .   a - +1 falchion
rCold   . . .      Faith    .   (no shield)
rNeg    . . .      Spirit   .   e - +0 ring mail
rPois   .          Reflect  .   (no helmet)
rElec   .          Harm     .   (no cloak)
rCorr   .          Rampage  .   (no gloves)
Will    +....                   m - +0 pair of boots
Stlth   +.........              (no amulet)
HPRegen 0.19/turn               j - +6 ring of strength
MPRegen 0.12/turn               h - ring of willpower

@: lightly drained
A: claws 1, demonic guardian 2, condensation shield
a: Renounce Religion, Depart the Abyss, Bend Space, Banish, Corrupt


You were on level 6 of the Dungeon.
You worshipped Lugonu.
Lugonu was greatly pleased with you.
You visited 2 branches of the dungeon, and saw 7 of its levels.
You visited the Abyss 1 time.
You also visited: Ossuary.

You collected 274 gold pieces.

Inventory:

Hand Weapons
 a - a +1 falchion (weapon)
Armour
 e - a +0 ring mail (worn)
 m - a +0 pair of boots (worn)
Jewellery
 g - a ring of willpower
 h - a ring of willpower (right claw)
 j - a +6 ring of strength (left claw)
 l - a ring of wizardry
Wands
 i - a wand of paralysis (16)
Scrolls
 k - 7 scrolls of teleportation
 n - 2 scrolls of butterflies {unknown}
 p - 2 scrolls of identify
 q - a scroll of amnesia
 s - a scroll of enchant armour {unknown}
 t - 2 scrolls of fear {unknown}
 w - a scroll of immolation {unknown}
Potions
 b - a potion of curing
 c - a potion of cancellation
 d - a potion of might
 f - 2 potions of mutation
 o - a potion of lignification {unknown}
 r - 2 potions of attraction {unknown}
 u - a potion of degeneration {unknown}
 v - a potion of haste


   Skills:
 + Level 4.4 Fighting
 * Level 7.7 Long Blades
 + Level 4.4 Armour
 + Level 2.7 Dodging
 + Level 1.3 Stealth
 + Level 1.6 Shields
 + Level 3.1 Invocations


You had 7 spell levels left.
You didn't know any spells.
Your spell library was empty.

Dungeon Overview and Level Annotations

Branches:
Dungeon (6/15)             Temple (1/1) D:5         Ossuary (visited)

Altars:
Dithmenos
Nemelex Xobeh
Okawaru
Sif Muna

Shops:
D:2 =

Annotations:
Abyss:1 Menkaure


Innate Abilities, Weirdness & Mutations

You have sharp fingernails.
A demonic guardian rushes to your aid.
A meltable shield of frost defends you. (SH +0)


Message History

s - a scroll labelled LOPEID JIFOGUNI
There is a gate leading back out of this place here.
t - a scroll labelled ZILEON VIFIZES
u - a bubbling red potion
t - 2 scrolls labelled ZILEON VIFIZES (gained 1)
n - 2 scrolls labelled CIEN BAEBBIPOU (gained 1)
p - 2 scrolls of identify (gained 1)
v - a potion of haste
w - a scroll labelled AGICLAESIT
There is a gate leading back out of this place here.
Magic scrolls do not work when you're silenced!
Welcome back to the Dungeon!
You hear the sound of rushing water.
There is an entrance to a sewer on this level.
Hurry and find it before the portal rusts away!
The walls and floor vibrate strangely for a moment.
There is a collapsed entrance here.
There is an open door here.
An orc warrior comes into view.
It is wielding a +2 battleaxe of flaming.
The orc warrior shouts!
An orc comes into view. It is wielding a +0 flail.
The orc warrior hits you with a +2 battleaxe of flaming!
Your condensation shield dissipates!
The orc warrior burns you.
You hit the orc warrior.
The orc warrior is lightly wounded.
You hear a shout!
You hit the orc warrior.
The orc warrior is lightly wounded.
The orc warrior hits you with a +2 battleaxe of flaming!
The orc warrior burns you. The orc misses you.
You slash the orc warrior!
The orc warrior is heavily wounded.
The orc warrior closely misses you.
You slash the orc warrior!
The orc warrior is severely wounded.
The orc hits you but does no damage.
The orc warrior hits you with a +2 battleaxe of flaming!!
* * * LOW HITPOINT WARNING * * *
A demonic guardian appears!
The orc warrior burns you!
You die...

.....!.#..†....#
##.....##....###
##.......>..#####
................#####
##...................#
#.....?.......###...#
..............#.#...#
...#..##..###.###.#
###4@o...#.....'.#
##.o.#.###.###.#
##......#.#...#
##.....###...#
#.#.........#
#.........###
###########


You could see an orc warrior (ally target), an orc and a friendly rust devil
(summoned).

Vanquished Creatures
  Sigmund (D:5)
  Eustachio (D:5)
  3 phantoms
  A kobold brigand (D:4)
  Blork the orc (D:5)
  2 water moccasin zombies (Ossuary)
  A bullfrog zombie (Ossuary)
  A centaur zombie (Ossuary)
  4 jellies (D:5)
  2 hounds (D:5)
  Jessica (D:3)
  2 scorpion zombies (Ossuary)
  Ijyb (D:3)
  An iguana (D:4)
  An ogre zombie (Ossuary)
  3 gnolls (D:4)
  7 adders
  5 adder zombies (Ossuary)
  A worm (D:3)
  2 dart slugs
  An orc (D:5)
  6 endoplasms
  3 giant cockroaches
  5 gnoll zombies (Ossuary)
  10 hobgoblins
  5 quokkas
  6 ball pythons
  8 bats
  A frilled lizard (D:1)
  6 goblins
  5 goblin zombies (Ossuary)
  2 hobgoblin zombies (Ossuary)
  10 kobolds
  4 orc zombies (Ossuary)
  2 rats
115 creatures vanquished.

Vanquished Creatures (collateral kills)
  A wight (Ossuary)
  A bullfrog zombie (Ossuary)
  A gnoll bouda (D:4)
  An adder (D:3)
  2 worms
  A hobgoblin (D:3)
  A kobold (D:3)
  2 ball pythons (D:1)
  A hobgoblin zombie (Ossuary)
11 creatures vanquished.

Grand Total: 126 creatures vanquished

Notes
Turn   | Place    | Note
-------+----------+-------------------------------------------
     0 | Abyss:1  | qeuew the Demonspawn Abyssal Knight began the quest for the
                  | Orb.
     0 | Abyss:1  | Reached XP level 1. HP: 18/18 MP: 2/2
     1 | D:1      | Escaped the Abyss
   234 | D:1      | Reached skill level 2 in Long Blades
   490 | D:1      | Gained mutation: A weak demonic guardian rushes to your
                  | aid. [demonic ancestry]
   490 | D:1      | Reached XP level 2. HP: 23/24 MP: 3/3
  1239 | D:1      | Gained mutation: A meltable shield of frost defends you.
                  | (SH +0) [demonic ancestry]
  1239 | D:1      | Reached XP level 3. HP: 22/29 MP: 5/5
  1511 | D:1      | Found a faded altar of an unknown god.
  2091 | D:1      | Reached skill level 1 in Dodging
  2273 | D:2      | Found Jufearu's Jewellery Boutique.
  2363 | D:2      | Reached skill level 3 in Long Blades
  2602 | D:2      | Reached XP level 4. HP: 35/35 MP: 6/6
  2604 | D:2      | Reached *** piety under Lugonu
  2775 | D:3      | Noticed Jessica
  2788 | D:3      | Killed Jessica
  2959 | D:3      | Noticed Ijyb
  2966 | D:3      | Paralysed by Ijyb for 2 turns
  2970 | D:3      | Killed Ijyb
  2972 | D:3      | Reached XP level 5. HP: 12/41 MP: 7/7
  3237 | D:3      | Found a sparkling altar of Nemelex Xobeh.
  3264 | D:3      | Identified the +3 quarterstaff "Vyteqit" {antimagic, Will+}
  3304 | D:3      | Found a shimmering blue altar of Sif Muna.
  3682 | D:4      | Noticed a phantom
  3705 | D:4      | Killed a phantom
  3706 | D:4      | Reached skill level 4 in Long Blades
  3998 | D:4      | Noticed a phantom
  4013 | D:4      | Killed a phantom
  4014 | D:4      | Gained mutation: You have sharp fingernails. [demonic
                  | ancestry]
  4014 | D:4      | Reached XP level 6. HP: 41/48 MP: 8/8
  4797 | D:4      | Reached skill level 5 in Long Blades
  5260 | D:4      | Found a shadowy altar of Dithmenos.
  5412 | D:5      | Entered Level 5 of the Dungeon
  5412 | D:5      | Found a staircase to the Ecumenical Temple.
  5416 | D:5      | Noticed Sigmund
  5423 | Temple   | Entered the Ecumenical Temple
  5537 | D:5      | Killed Sigmund
  5538 | D:5      | Gained mutation: A demonic guardian rushes to your aid.
                  | [demonic ancestry]
  5538 | D:5      | Reached XP level 7. HP: 43/53 MP: 9/9
  5645 | D:5      | Noticed Eustachio
  5663 | D:5      | Killed Eustachio
  5664 | D:5      | Reached skill level 6 in Long Blades
  5910 | D:5      | Noticed Menkaure
  5915 | D:5      | Banished Menkaure
  5916 | D:5      | Reached skill level 1 in Stealth
  6229 | D:5      | Found an iron altar of Okawaru.
  6255 | D:5      | Reached XP level 8. HP: 15/60 MP: 10/10
  6513 | D:5      | Reached skill level 1 in Shields
  6960 | D:6      | Noticed Blork the orc
  6978 | D:5      | Killed Blork the orc
  6979 | D:5      | Reached skill level 7 in Long Blades
  7017 | D:6      | Found a sand-covered staircase.
  7023 | Ossuary  | Entered an ossuary
  7042 | Ossuary  | Reached **** piety under Lugonu
  7451 | Ossuary  | HP: 2/61 [water moccasin zombie (6)]
  7714 | Ossuary  | Noticed a silent spectre
  7787 | D:6      | Mangled by an orc warrior

Illustrated notes

Levels and vault maps discovered:
D:1:      wheals_arrival_linesprint, layout_basic,
          hellmonk_ecumenical_altar_heavens_door, dk_noncrumbling_4
D:2:      layout_rooms, serial_shops, nicolae_diamond_shop
D:3:      layout_rooms, led_sif_book, overflow_temple_1_default,
          grunt_ministairs_14, chequers_serial_rivers_micro_c, uniq_jessica,
          uniq_ijyb
D:4:      nicolae_cairo_tiling, layout_loops_ring, kennysheep_little_box
D:5:      layout_rooms, mainiacjoe_overflow_alcove_2, minmay_temple_entry_trees,
          minivault_26, minmay_misc_feat_tiny, minivault_11, uniq_menkaure,
          uniq_eustachio, uniq_sigmund
D:6:      layout_cave_pools, xom_confusion_cloud, fedhas_altar_1,
          nicolae_ossuary_entry_plus, gup_sewer_entry_bubbles,
          kennysheep_generic_room_10, uniq_blork_the_orc, uniq_edmund
Temple:   regret_index_temple_sphere_string

Skill      XL: |  1  2  3  4  5  6  7  8 |
---------------+-------------------------+-----
Long Blades    | 2 3 4 5 6 7 |  7.7
Armour         | 2 3 4 |  4.4
Dodging        | 1 2 |  2.7
Fighting       | 4 |  4.4
Stealth        | 1 |  1.3
Invocations    | 3 |  3.1
Shields        | 1 |  1.6

Action                   |  1- 3 |  4- 6 |  7- 9 || total
-------------------------+-------+-------+-------++-------
Melee: Falchion          |   145 |   209 |   275 ||   629
       Punch             |       |     7 |     3 ||    10
Invok: Banish            |       |       |     1 ||     1
  Use: Potion            |     5 |     2 |     2 ||     9
       Scroll            |     4 |     2 |       ||     6
 Stab: Distracted        |       |     1 |       ||     1
Armor: Ring mail         |    67 |    53 |   104 ||   224
       Leather armour    |     3 |       |       ||     3
Dodge: Dodged            |   110 |    86 |   184 ||   380
Block: Other             |    16 |    28 |    64 ||   108
